 Dungeon Crawl Stone Soup version 0.18.1-48-g4cf74bf (webtiles) character file.

119 wutend the Skirmisher (level 5, -2/37 HPs)
             Began as an Octopode Fighter on Aug 18, 2016.
             Slain by an ice beast (3 damage)
             ... on level 5 of the Dungeon.
             The game lasted 00:04:18 (1960 turns).

wutend the Skirmisher (Octopode Fighter)            Turns: 1960, Time: 00:04:19

Health: -2/37      AC:  1    Str: 16    XL:     5   Next: 3%
Magic:  5/5        EV: 10    Int: 10    God:
Gold:   112        SH:  8    Dex: 12    Spells: 0 memorised, 4 levels left

rFire  . . .     SeeInvis .     a - +0 long sword
rCold  . . .     Gourm    .     b - +0 shield
rNeg   . . .     Faith    .     (helmet restricted)
rPois  .         Spirit   .     (no amulet)
rElec  .         Dismiss  .     (no ring)
rCorr  .         Reflect  .     (no ring)
SustAt .         Harm     .     (no ring)
MR     .....                    (no ring)
Stlth  +++.......               (no ring)
                                (no ring)
                                (no ring)
                                (no ring)

@: not resistant to hostile enchantments, fairly stealthy
A: almost no armour, amphibious, 8 rings, constrict 8, camouflage 1, gelatinous
body 1
a: no special abilities


You were on level 5 of the Dungeon.
You were very hungry.

You visited 1 branch of the dungeon, and saw 4 of its levels.

You collected 112 gold pieces.

Inventory:

Hand Weapons
 a - a +0 long sword (weapon)
Armour
 b - a +0 shield (worn)
Jewellery
 m - an uncursed ring of protection from cold {unknown}
Wands
 n - a wand of flame (28/48)
Scrolls
 e - a scroll of teleportation {unknown}
 f - a scroll of immolation {unknown}
 g - a scroll of enchant armour {unknown}
 i - 3 scrolls of identify {unknown}
 k - a scroll of fog {unknown}
Potions
 c - a potion of might
 h - a potion of resistance {unknown}
 j - a potion of lignification {unknown}
Comestibles
 d - 2 bread rations
 l - a meat ration


   Skills:
 + Level 4.2 Fighting
 + Level 3.2 Long Blades
 - Level 3.0 Dodging
 + Level 3.1 Stealth
 - Level 3.0 Shields


You had 4 spell levels left.
You didn't know any spells.

Dungeon Overview and Level Annotations

Branches:
Dungeon (3/15)

Altars:
Fedhas
Yredelemnul

Annotations:
D:2 1 runed door


Innate Abilities, Weirdness & Mutations

You cannot wear most types of armour.
You are amphibious.
You can wear up to eight rings at the same time.
You can use your tentacles to constrict eight enemies at once.
Your skin changes colour to match your surroundings (Stealth).
Your rubbery body absorbs attacks (AC +1).


Message History

The ice beast hits you but does no damage.
You closely miss the ice beast.
You squeeze the ice beast, but do no damage.
The ice beast is heavily wounded.
You block the ice beast's attack.
Your shield prevents you from hitting the ice beast.
Your squeeze misses the ice beast.
The ice beast is heavily wounded.
You block the ice beast's attack.
You hit the ice beast but do no damage. You squeeze the ice beast.
The ice beast is almost dead.
The ice beast hits you.
* * * LOW HITPOINT WARNING * * *
The ice beast freezes you.
* * * LOW HITPOINT WARNING * * *
The ice beast misses you.
You hit the ice beast.
The ice beast is almost dead.
The ice beast hits you.
You die...

.... . . ...# #.
..##...#.# ...$...# .....#
### .### #...# #.. ... #
#...######.##.# .#
#...##.Y......# .#
#####.?.##@###.#.. ..#
................#.##..###.
................#.#......[
......................#
######...##.##.##.#.#.#
#...##.......#.#
#...#####.####.# # #...#
#.# .#.# ##...## #.#
##.#.#


You could see an ice beast.

Vanquished Creatures
  A crimson imp (D:5)
  An iguana (D:5)
  2 adders (D:2)
  A dart slug (D:1)
  A ball python (D:1)
  3 bats
  A giant cockroach (D:1)
  2 goblins (D:2)
  4 hobgoblins (D:1)
  6 jackals (D:1)
  A quokka (D:2)
  A ball python zombie (D:5)
  3 giant newts (D:1)
  6 kobolds
  A kobold skeleton (D:2)
  5 rats
39 creatures vanquished.

Notes
Turn   | Place    | Note
--------------------------------------------------------------
     0 | D:1      | wutend the Octopode Fighter began the quest for the Orb.
     0 | D:1      | Reached XP level 1. HP: 16/16 MP: 1/1
   109 | D:1      | Reached skill level 1 in Stealth
   109 | D:1      | Reached XP level 2. HP: 13/21 MP: 2/2
   600 | D:1      | Reached XP level 3. HP: 26/26 MP: 3/3
  1488 | D:2      | Found a blossoming altar of Fedhas.
  1535 | D:2      | Noticed a human
  1536 | D:2      | Found a runed door.
  1540 | D:2      | Found a basalt altar of Yredelemnul.
  1834 | D:2      | Reached XP level 4. HP: 33/33 MP: 4/4
  1894 | D:3      | You fall through a shaft for 2 floors!
  1894 | D:5      | Entered Level 5 of the Dungeon
  1898 | D:5      | Noticed an ice beast
  1905 | D:5      | Reached skill level 4 in Fighting
  1943 | D:5      | Reached XP level 5. HP: 34/37 MP: 5/5
  1959 | D:5      | HP: 1/37 [ice beast (5)]
  1960 | D:5      | Slain by an ice beast

Skill      XL: |  1  2  3  4 |
---------------+-------------+-----
Stealth        | 1 2 3 |  3.1
Fighting       | 4 |  4.2
Long Blades    | 3 |  3.2
Dodging        | |  3.0
Shields        | |  3.0

Action                   |  1- 3 |  4- 6 || total
-------------------------+-------+-------++-------
Melee: Long sword        |    62 |    17 ||    79
       Constrict         |    18 |     2 ||    20
       Tentacles         |     9 |     7 ||    16
 Stab: Sleeping          |    10 |     1 ||    11
  Eat: Chunk             |     1 |     1 ||     2
Armor: Skin              |     3 |     1 ||     4
Dodge: Dodged            |    22 |     4 ||    26
Block: Shield            |    21 |     9 ||    30
